 Dungeon Crawl Stone Soup version 0.30.0-5-g1a98f26d00 (webtiles) character file.

Game seed: 10635542450174192235

41461 jasper the Severer (level 14, -4/135 HPs)
             Began as a Hill Orc Cinder Acolyte on May 8, 2023.
             Was a Believer of Ignis.
             Slain by a death yak (5 damage)
             ... on level 4 of the Lair of Beasts.
             The game lasted 00:22:03 (17101 turns).

jasper the Severer (Hill Orc Cinder Acolyte)       Turns: 17101, Time: 00:22:04

Health: -4/135     AC: 22    Str: 22    XL:     14   Next: 15%
Magic:  15/15      EV: 17    Int: 14    God:    Ignis [**....]
Gold:   954        SH:  0    Dex:  6    Spells: 15/15 levels left

rFire   + . .        S - +1 battleaxe (heavy)
rCold   . . .        (shield currently unavailable)
rNeg    . . .        F - +0 swamp dragon scales
rPois   +            g - +0 helmet
rElec   .            v - +0 cloak
rCorr   .            Z - +1 pair of gloves
SInv    .            (no boots)
Will    ++...        (no amulet) Stlth
                     J - +5 ring of evasion
HPRegen 0.42/turn    z - ring of willpower
MPRegen 0.14/turn

%: no passive effects
@: frozen, fiery-armoured, invisible, very slow
A: no striking features
a: Renounce Religion, Fiery Armour, Foxfire Swarm


You were on level 4 of the Lair of Beasts.
You worshipped Ignis.
Ignis was pleased with you.
You visited 2 branches of the dungeon, and saw 15 of its levels.
You also visited: Sewer.

You collected 954 gold pieces.

Inventory:

Hand Weapons
 a - a -1 hand axe of flaming
 S - a +1 heavy battleaxe (weapon)
Missiles
 w - 4 javelins
 A - 12 poisoned darts (quivered)
 E - 5 boomerangs of dispersal
 N - 6 datura-tipped darts
 O - 4 throwing nets
 Y - 2 boomerangs
Armour
 g - a +0 helmet (worn)
 n - the +11 chain mail of the Sun {rF- MP+9 Dex+4}
   (You found it on level 3 of the Lair of Beasts)

   Dex:       It affects your dexterity (+4).
   rF:        It makes you vulnerable to fire.
   MP:        It affects your magic capacity (+9).
 v - a +0 cloak (worn)
 F - +0 swamp dragon scales (worn)
 R - a +0 plate armour
 Z - a +1 pair of gloves (worn)
Jewellery
 i - an amulet of faith
 p - a ring of see invisible
 z - a ring of willpower (right hand)
 J - a +5 ring of evasion (left hand)
 W - a +5 ring of evasion
Wands
 b - a wand of paralysis (6)
 l - a wand of flame (31)
 G - a wand of polymorph (7)
 T - a wand of quicksilver (2)
 U - a wand of roots (5)
Scrolls
 c - a scroll of silence {unknown}
 d - 22 scrolls of identify {unknown}
 f - 2 scrolls of butterflies {unknown}
 q - 6 scrolls of enchant armour {unknown}
 s - 3 scrolls of fear {unknown}
 u - a scroll of vulnerability {unknown}
 y - 5 scrolls of teleportation {unknown}
 B - 4 scrolls of immolation {unknown}
 D - 2 scrolls of enchant weapon {unknown}
 H - 4 scrolls of magic mapping {unknown}
 I - a scroll of brand weapon {unknown}
 K - 2 scrolls of blinking {unknown}
 M - 3 scrolls of poison {unknown}
 P - 4 scrolls of amnesia {unknown}
Potions
 e - a potion of brilliance {unknown}
 h - 6 potions of heal wounds {unknown}
 j - a potion of ambrosia {unknown}
 k - 3 potions of invisibility
 m - 2 potions of attraction {unknown}
 o - 3 potions of mutation {unknown}
 r - a potion of flight {unknown}
 t - 6 potions of haste
 x - 3 potions of cancellation {unknown}
 C - 8 potions of might {unknown}
 L - a potion of degeneration {unknown}
 Q - 2 potions of berserk rage {unknown}
 V - 4 potions of curing
 X - 2 potions of lignification {unknown}


   Skills:
 * Level 15.1 Fighting
 - Level 20.0 Axes
 - Level 2.0 Throwing
 + Level 10.6 Armour
 + Level 6.4 Dodging
 - Level 1.0 Spellcasting
 - Level 3.2 Fire Magic
 - Level 6.0 Evocations


You had 15 spell levels left.
You didn't know any spells.
Your spell library contained the following spells:

 Spells                   Type           Power      Damage    Failure   Level
 Scorch                   Fire           18%        2d5       16%         2
 Summon Small Mammal      Summ           0%         N/A       36%         1
 Cigotuvi's Dreadful Rot  Necr/Pois/Air  0%         N/A       50%         2
 Ensorcelled Hibernation  Hex/Ice        0%         N/A       50%         2
 Poisonous Vapours        Pois/Air       0%         N/A       50%         2
 Ignite Poison            Fire/Tmut/Pois 3%         N/A       58%         3
 Call Canine Familiar     Summ           0%         N/A       75%         3
 Frozen Ramparts          Ice            0%         1d1       75%         3
 Mephitic Cloud           Conj/Pois/Air  0%         N/A       75%         3
 Ozocubu's Armour         Ice            0%         N/A       75%         3
 Spider Form              Tmut/Pois      0%         N/A       75%         3
 Summon Guardian Golem    Hex/Summ       0%         N/A       75%         3
 Tukima's Dance           Hex            0%         N/A       75%         3
 Anguish                  Hex/Necr       0%         N/A       98%         4
 Ice Form                 Ice/Tmut       0%         N/A       98%         4
 Passage of Golubria      Tloc           0%         N/A       98%         4
 Summon Ice Beast         Ice/Summ       0%         N/A       98%         4
 Freezing Cloud           Conj/Ice/Air   0%         6-21      100%        5
 Metabolic Englaciation   Hex/Ice        0%         N/A       100%        5
 Yara's Violent Unravell  Hex/Tmut       0%         3d3       100%        5
 Simulacrum               Ice/Necr       0%         N/A       100%        6


Dungeon Overview and Level Annotations

Branches:
Dungeon (11/15)            Temple (0/1) D:6            Lair (4/5) D:9
  Swamp (0/4) Lair:3        Snake (0/4) Lair:3          Orc (0/2) D:9
  Sewer (visited)
  Slime: Lair:4-5

Altars:
Ashenzari
Fedhas
Nemelex Xobeh
Wu Jian
Yredelemnul
The Shining One
Beogh

Shops:
D:4 !

Annotations:
D:3 1 runed translucent door, middlethird's ghost, amateur VSAE
D:4 3 runed translucent doors, Mangosteen's ghost, amateur KoHu


Message History

The hornet is heavily wounded.
The hornet closely misses you.
You cut the hornet into ribbons!!!
You kill the hornet!
A hornet comes into view.
Your Fighting skill increases to level 15!
A hornet comes into view.
You open the hornet like a pillowcase!!!
You kill the hornet!
You hear an angry buzzing noise.
A hornet comes into view.
The hornet buzzes angrily.
You closely miss the hornet. The hornet barely misses you.
Okay, then.
You carve the hornet like a ham!!!
You kill the hornet!
You slash the death yak!
The death yak gores you but does no damage.
The death yak is burned by your cloak of flames.
The death yak is almost dead.
The hornet stings you but does no damage.
You miss the hornet. You slice the death yak!!
You kill the death yak!
The hornet barely misses you. The hornet stings you.
* * * LOW HITPOINT WARNING * * *
The hornet is burned by your cloak of flames.
The hornet is lightly wounded.
You slash the hornet!
The hornet is moderately wounded.
You slash the rime drake! The rime drake breathes ice at you.
The icy flash freeze hits you!
* * * LOW HITPOINT WARNING * * *
You are encased in ice.
The hornet misses you.
Okay, then.
It was a potion of invisibility.
You fade into invisibility!
The hornet misses you. The hornet barely misses you. The death yak gores you.
You die...

###### (. #....# ..##....#
## !........ #..#
........###..#
........#@y# #.....kY##..#
#..!...#..##..#
#......###..##..
#...#....###..###
#....?.....####.### ..
#..8.+..#..........## .. #
.....#####..#Y......###.#.
...# #...#........##..#


You could see a death yak (unable to see you), a rime drake (unable to see you,
catching breath) and a hornet (unable to see you).

Vanquished Creatures
  4 hydras
  A catoblepas (Lair:1)
  A boulder beetle (D:11)
  Erica (Lair:1)
  A two-headed ogre (D:11)
  6 death yaks
  Pikel (D:6)
  6 wizards (D:10)
  2 lindwurms (Lair:2)
  A wolf spider (Lair:3)
  7 elephants
  13 black mambas
  A gargoyle (D:10)
  2 rime drakes
  7 cane toads
  Maggie (D:6)
  4 unseen horror zombies
  7 komodo dragons
  A troll (D:11)
  3 hornets (Lair:4)
  A polar bear (Lair:3)
  Grinder (D:5)
  5 blink frogs
  Sigmund (D:2)
  6 wyverns
  2 wraiths
  9 yaks
  2 vampires (D:10)
  3 basilisks
  Eustachio (D:5)
  2 steam dragons (D:8)
  4 vampire mosquitoes (D:10)
  Edmund (D:4)
  19 water moccasins
  3 ice beasts
  A sky beast (D:7)
  7 orc warriors
  2 black bears
  2 ogres
  10 wolves
  3 centaurs
  2 lemures (D:6)
  2 kobold brigands
  5 necrophages (D:10)
  17 bullfrogs
  A gnoll sergeant (D:10)
  5 scorpions
  6 wights
  27 killer bees
  3 centaur zombies
  2 howler monkeys
  A human zombie (D:10)
  3 jellies
  Crazy Yiuf (D:3)
  7 orc priests
  5 gnoll boudas
  3 hounds
  5 sleepcaps
  Jessica (D:2)
  6 iguanas
  Ijyb (D:3)
  4 orc wizards
  A killer bee zombie (D:9)
  A mummy (D:10)
  5 howler monkey zombies
  Robin (D:2)
  9 adders
  34 gnolls
  8 river rats
  A shadow imp (D:7)
  2 white imps
  An ufetubus (D:5)
  A worm (D:2)
  2 dart slugs
  48 orcs
  6 endoplasms
  8 giant cockroaches
  11 goblins
  6 hobgoblins
  2 jackals (D:2)
  12 kobolds
  5 quokkas
  7 ball pythons
  9 bats
  10 frilled lizards
  13 rats
465 creatures vanquished.

Vanquished Creatures (others)
  A wizard (D:10)
  18 foxfires (D:10)
19 creatures vanquished.

Grand Total: 484 creatures vanquished

Notes
Turn   | Place    | Note
-------+----------+-------------------------------------------
     0 | D:1      | jasper the Hill Orc Cinder Acolyte began the quest for the
                  | Orb.
     0 | D:1      | Reached XP level 1. HP: 19/19 MP: 2/2
    90 | D:1      | Found a faded altar of an unknown god.
    94 | D:1      | Reached XP level 2. HP: 26/26 MP: 3/3
   145 | D:1      | Reached skill level 5 in Axes
   375 | D:1      | Reached XP level 3. HP: 27/31 MP: 4/4
   738 | D:2      | Reached skill level 6 in Axes
   815 | D:2      | Noticed Robin
   834 | D:2      | Reached XP level 4. HP: 27/39 MP: 5/5
   842 | D:2      | Killed Robin
   951 | D:2      | Noticed Sigmund
   962 | D:2      | Killed Sigmund
   963 | D:2      | Reached skill level 8 in Axes
   963 | D:2      | Reached XP level 5. HP: 43/45 MP: 6/6
   963 | D:2      | Reached XP level 6. HP: 49/51 MP: 7/7
  1036 | D:2      | Noticed Jessica
  1043 | D:2      | Killed Jessica
  1245 | D:3      | Noticed Ijyb
  1259 | D:3      | Reached skill level 9 in Axes
  1263 | D:3      | Killed Ijyb
  1311 | D:3      | Found a runed translucent door.
  1313 | D:3      | Noticed middlethird's ghost (amateur VSAE)
  1585 | D:3      | Found a glowing drain.
  1625 | Sewer    | Entered a sewer
  1795 | Sewer    | HP: 2/51 [river rat (7)]
  2639 | D:3      | Found a runed translucent door.
  2640 | D:3      | Noticed Crazy Yiuf
  2980 | D:3      | Killed Crazy Yiuf
  2981 | D:3      | Reached skill level 10 in Axes
  2981 | D:3      | Reached XP level 7. HP: 58/58 MP: 8/8
  2986 | D:3      | Identified the +10 hammer "Golad" {venom, rC+ Str+2}
  3056 | D:4      | Found a runed translucent gate.
  3056 | D:4      | Found a runed translucent gate.
  3056 | D:4      | Found a runed translucent gate.
  3057 | D:4      | Noticed Mangosteen's ghost (amateur KoHu)
  3120 | D:4      | Reached skill level 1 in Armour
  3253 | D:4      | Noticed Edmund
  3278 | D:4      | Killed Edmund
  3726 | D:4      | Reached skill level 11 in Axes
  3726 | D:4      | Reached XP level 8. HP: 50/67 MP: 9/9
  3891 | D:4      | Found Zaaj's Distillery.
  4191 | D:5      | Entered Level 5 of the Dungeon
  4256 | D:5      | Reached skill level 5 in Fighting
  4370 | D:5      | Noticed Grinder
  4370 | D:5      | Paralysed by Grinder for 5 turns
  4610 | D:5      | Noticed Eustachio
  4724 | D:6      | Noticed Maggie
  4742 | D:6      | Killed Maggie
  4743 | D:6      | Reached skill level 12 in Axes
  4804 | D:6      | Noticed Pikel
  4902 | D:6      | Killed Pikel
  4903 | D:6      | Reached skill level 13 in Axes
  4903 | D:6      | Reached skill level 5 in Armour
  4903 | D:6      | Reached XP level 9. HP: 55/78 MP: 10/10
  5127 | D:6      | Found a staircase to the Ecumenical Temple.
  5340 | D:6      | Found a glowing golden altar of the Shining One.
  5340 | D:6      | Found an ornate altar of the Wu Jian Council.
  5675 | D:7      | Reached skill level 14 in Axes
  6077 | D:7      | Found a broken altar of Ashenzari.
  6081 | D:7      | Reached XP level 10. HP: 88/88 MP: 11/11
  6281 | D:7      | Found a blossoming altar of Fedhas.
  6837 | D:8      | You fall into a shaft and drop 1 floor!
  7128 | D:8      | Reached skill level 15 in Axes
  7595 | D:9      | Noticed a death yak
  7608 | D:9      | Killed a death yak
  7695 | D:9      | Found a staircase to the Lair.
  7695 | D:9      | Noticed a death yak
  7713 | D:9      | Killed a death yak
  7803 | D:9      | Noticed a death yak
  7828 | D:9      | Killed a death yak
  7829 | D:9      | Reached skill level 16 in Axes
  8239 | D:9      | Reached skill level 1 in Throwing
  8239 | D:9      | Reached skill level 1 in Evocations
  8239 | D:9      | Reached XP level 11. HP: 54/97 MP: 12/12
  8243 | D:9      | Found a roughly hewn altar of Beogh.
  8245 | D:9      | Found a staircase to the Orcish Mines.
  9475 | D:10     | Entered Level 10 of the Dungeon
  9476 | D:10     | Found a sparkling altar of Nemelex Xobeh.
  9505 | D:10     | Reached skill level 5 in Evocations
  9940 | D:10     | Noticed a wizard
  9948 | D:10     | HP: 3/99 [something (14)]
  9954 | D:10     | Killed a wizard
 10307 | D:10     | Noticed a wizard
 10319 | D:10     | Killed a wizard
 10320 | D:10     | Reached skill level 10 in Fighting
 10379 | D:10     | Noticed a wizard
 10386 | D:10     | Noticed a wizard
 10389 | D:10     | Killed a wizard
 10395 | D:10     | Killed a wizard
 10396 | D:10     | Reached skill level 17 in Axes
 10399 | D:10     | Noticed a wizard
 10408 | D:10     | Killed a wizard
 10661 | D:10     | Noticed a wizard
 10661 | D:10     | Found the +3 warlock's mirror {omnireflect}
 10675 | D:10     | Killed a wizard
 10692 | D:10     | Identified the +1 short sword "Isom" {freeze, rC+}
 10832 | D:10     | Noticed a wizard
 10842 | D:10     | Killed a wizard
 10843 | D:10     | Reached XP level 12. HP: 100/108 MP: 13/13
 11251 | D:10     | Reached skill level 1 in Dodging
 11251 | D:10     | Found a basalt altar of Yredelemnul.
 11331 | D:11     | Noticed a boulder beetle
 11344 | D:11     | Killed a boulder beetle
 11402 | D:11     | Reached skill level 18 in Axes
 11681 | D:11     | Noticed a two-headed ogre
 11686 | D:11     | Killed a two-headed ogre
 12022 | D:5      | Killed Eustachio
 12182 | D:5      | Killed Grinder
 12576 | Lair:1   | Entered Level 1 of the Lair of Beasts
 12782 | Lair:1   | Noticed a catoblepas
 12797 | Lair:1   | Killed a catoblepas
 13004 | Lair:1   | Noticed Erica
 13010 | Lair:1   | Killed Erica
 13098 | Lair:1   | Reached skill level 19 in Axes
 13918 | Lair:2   | Noticed an eight-headed hydra
 13933 | Lair:1   | Killed a one-headed hydra
 13934 | Lair:1   | Reached XP level 13. HP: 80/118 MP: 14/14
 14423 | Lair:2   | Reached skill level 20 in Axes
 15245 | Lair:3   | Found a staircase to the Swamp.
 15262 | Lair:2   | Reached skill level 5 in Dodging
 15478 | Lair:3   | Identified the +11 chain mail of the Sun {rF- MP+9 Dex+4}
 16100 | Lair:3   | Found a staircase to the Snake Pit.
 16132 | Lair:3   | Reached skill level 10 in Armour
 16795 | Lair:4   | Reached XP level 14. HP: 120/133 MP: 15/15
 17094 | Lair:4   | Reached skill level 15 in Fighting
 17100 | Lair:4   | HP: 1/135 [rime drake/icy flash freeze (16)]
 17101 | Lair:4   | Slain by a death yak

Illustrated notes

Levels and vault maps discovered:
D:1:      lordsloth_arrival_two_stooges, layout_basic,
          hellmonk_ecumenical_altar_arch_garden, serial_bayou_pond_e,
          corexii_leaking_fountain
D:2:      layout_basic, uniq_sigmund, uniq_robin, uniq_jessica
D:3:      layout_basic, gup_sewer_entry_glass, ebering_ghost_reflecting_pool,
          nicolae_eternal_life, uniq_ijyb, uniq_crazy_yiuf_cottage
D:4:      minmay_evil_eye, layout_basic, serial_shops, shop,
          gammafunk_ghost_split, uniq_edmund
D:5:      layout_rooms, serial_curves, eino_curves_04, eino_curves_04,
          uniq_eustachio, uniq_grinder
D:6:      layout_cave_pools, nicolae_overflow_two_pavilions,
          minmay_temple_entry_offerings, uniq_pikel, uniq_maggie
D:7:      layout_cave_pools, fedhas_altar_4, cheibrodos_ashenzari_chains
D:8:      layout_loops_corners
D:9:      layout_basic, dpeg_lair_monsters, david_orc_5, serial_undead,
          serial_undead_d, serial_undead_c, serial_undead_e, serial_undead_d
D:10:     minmay_smoke_and_mirrors, layout_long_grid,
          nemelex_xobeh_ov_fountains_minmay, lemuel_mausoleum_altar_yredelemnul
D:11:     layout_gridville
Lair:1:   layout_long_grid, grunt_megastairs_5, serial_bayou_shore_b,
          infiniplex_staircase_pool_2, uniq_erica
Lair:2:   layout_chaotic_city, nicolae_lair_lindhole
Lair:3:   nzn_winding_woodlands_three_and_one
          [nzn_winding_woodlands_5x15_zeroes, nzn_winding_woodlands_5x15_eye,
          nzn_winding_woodlands_5x15_jagged,
          nzn_winding_woodlands_center_pierced_h], layout_big_grid,
          minmay_swamp_entry_reptiles, minmay_snake_entry_six_corridors,
          beast_lair_carwin_11
Lair:4:   layout_cave_pods, dreamdust_wasp_nest, grunt_megastairs_4

Skill      XL: |  1  2  3  4  5  6  7  8  9 10 11 12 13 14 |
---------------+-------------------------------------------+-----
Axes           | 5 6 8 10 11 13 14 16 17 19 20 | 20.0
Fighting       | 4 6 8 9 10 12 14 15 | 15.1
Armour         | 2 5 6 7 9 10 | 10.6
Throwing       | 1 2 |  2.0
Evocations     | 1 6 |  6.0
Dodging        | 4 6 |  6.4
Spellcasting   | |  1.0
Fire Magic     | |  3.2

Action                     |  1- 3 |  4- 6 |  7- 9 | 10-12 | 13-15 || total
---------------------------+-------+-------+-------+-------+-------++-------
  Melee: Hand axe          |   113 |   210 |       |    11 |    22 ||   356
         Punch             |     1 |       |     5 |       |     1 ||     7
         Mace              |       |       |   227 |   144 |       ||   371
         Unarmed           |       |       |    16 |       |       ||    16
         War axe           |       |       |       |    31 |       ||    31
         Battleaxe         |       |       |       |   384 |   237 ||   621
  Throw: Stone             |    13 |     2 |    11 |    20 |       ||    46
         Dart              |       |       |       |    12 |       ||    12
         Throwing net      |       |       |       |       |     1 ||     1
 Invoke: Fiery Armour      |       |     3 |     2 |     2 |     1 ||     8
         Rising Flame      |       |       |     1 |       |       ||     1
         Foxfire Swarm     |       |       |       |     1 |       ||     1
  Evoke: Wand              |       |       |     2 |     4 |       ||     6
    Use: Potion            |       |       |       |       |     1 ||     1
   Stab: Confused          |       |       |     1 |       |       ||     1
 Armour: Scale mail        |    61 |    25 |       |       |       ||    86
         Robe              |     1 |       |       |       |       ||     1
         Chain mail        |       |    60 |   104 |       |       ||   164
         Skin              |       |       |    12 |       |       ||    12
         Swamp dragon scal |       |       |    58 |   276 |   114 ||   448
  Dodge: Dodged            |    44 |    55 |   163 |   648 |   262 ||  1172
